 Dungeon Crawl Stone Soup version 0.29-a0-330-g52719c12eb (webtiles) character file.

Game seed: 8091360864124871860

114 GigaChad the Slasher (level 4, 0/38 HPs)
             Began as a Minotaur Gladiator on Apr 12, 2022.
             Was a Believer of Kikubaaqudgha.
             Slain by a howler monkey (1 damage)
             ... on level 3 of the Dungeon.
             The game lasted 00:07:07 (1526 turns).

GigaChad the Slasher (Minotaur Gladiator)           Turns: 1526, Time: 00:07:08

Health: 0/38       AC:  4    Str: 23    XL:     4   Next: 67%
Magic:  1/1        EV: 13    Int:  5    God:    Kikubaaqudgha [**....]
Gold:   129        SH:  0    Dex: 14    Spells: 3/3 levels left

rFire   . . .      SeeInvis .   p - +11 long sword of Ihaliki {antimagic, *Slow rC+ rN+ Str+5}
rCold   + . .      Faith    .   (no shield)
rNeg    + . .      Spirit   .   b - +0 leather armour
rPois   .          Reflect  .   c - +0 hat
rElec   .          Harm     .   (no cloak)
rCorr   .          Rampage  .   (no gloves)
Will    .....                   i - +0 pair of boots
Stlth   +.........              (no amulet)
HPRegen 0.12/turn               (no ring)
MPRegen 0.07/turn               (no ring)

@: no status effects
A: horns 2, retaliatory headbutt
a: Renounce Religion, Receive Corpses


You were on level 3 of the Dungeon.
You worshipped Kikubaaqudgha.
Kikubaaqudgha was pleased with you.
You visited 1 branch of the dungeon, and saw 3 of its levels.

You collected 129 gold pieces.

Inventory:

Hand Weapons
 a - a +0 long sword
 h - a +0 falchion
 p - the +11 long sword of Ihaliki (weapon) {antimagic, *Slow rC+ rN+ Str+5}
   (You found it on level 3 of the Dungeon)

   It reduces the magical energy of the wielder, and disrupts the spells and
   magical abilities of those it strikes.
   Natural abilities and divine invocations are not affected.
   Str:       It affects your strength (+5).
   rC:        It protects you from cold.
   rN:        It protects you from negative energy.
   *Slow:     It may slow you when you take damage.
Missiles
 d - 2 throwing nets (quivered)
 e - a javelin
 k - 4 poisoned darts
Armour
 b - a +0 leather armour (worn)
 c - a +0 hat (worn)
 i - a +0 pair of boots (worn)
Magical Staves
 l - a staff of conjuration
Scrolls
 f - 4 scrolls of identify {unknown}
 j - a scroll of blinking {unknown}
Potions
 g - 2 potions of resistance {unknown}
 m - a potion of haste {unknown}
 n - a potion of mutation {unknown}
 o - a potion of heal wounds {unknown}


   Skills:
 + Level 3.3 Fighting
 + Level 5.3 Long Blades
 + Level 2.2 Throwing
 + Level 1.3 Armour
 + Level 3.7 Dodging
 + Level 0.3 Stealth


You had 3 spell levels left.
You didn't know any spells.
Your spell library contained the following spells:

 Spells                   Type           Power      Damage    Failure   Level
 Animate Skeleton         Necr           0%         N/A       52%         1
 Apportation              Tloc           0%         N/A       52%         1
 Foxfire                  Conj/Fire      0%         2x1d4     52%         1
 Pain                     Necr           0%         1d4       52%         1
 Sublimation of Blood     Necr           0%         N/A       67%         2
 Conjure Flame            Conj/Fire      0%         6-21      88%         3
 Inner Flame              Hex/Fire       0%         N/A       88%         3
 Vampiric Draining        Necr           0%         2d6       88%         3
 Flame Wave               Conj/Fire      0%         2d4       99%         4
 Alistair's Intoxication  Tmut/Pois      0%         N/A       100%        5


Dungeon Overview and Level Annotations

Branches:
Dungeon (3/15)

Altars:
Kikubaaqudgha

Shops:
D:1 =


Innate Abilities, Weirdness & Mutations

You have a pair of horns on your head.
You reflexively headbutt those who attack you in melee.


Message History

Kikubaaqudgha accepts your kill.
You slice the jackal!!
You kill the jackal!
Kikubaaqudgha accepts your kill.
You closely miss the jackal.
The jackal bites you but does no damage.
The jackal barely misses you. You furiously retaliate!
You headbutt the jackal!
You kill the jackal!
Kikubaaqudgha accepts your kill.
The goblin shoots a sling bullet.
The sling bullet closely misses you.
A goblin comes into view. It is wielding a +0 club.
The goblin shouts!
The goblin shoots a sling bullet.
The sling bullet hits you.
* * * LOW HITPOINT WARNING * * *
Things that are here:
a jackal corpse; a jackal corpse The howler monkey howls!
The goblin shoots a sling bullet.
The sling bullet barely misses you.
The goblin unwields a +0 hunting sling.
The goblin wields a +0 dagger.
The goblin misses you. You furiously retaliate!
You headbutt the goblin.
You kill the goblin!
Kikubaaqudgha accepts your kill. The goblin closely misses you.
Things that are here:
a +0 dagger; a +0 hunting sling; a goblin corpse You slash the goblin!
You kill the goblin!
Kikubaaqudgha accepts your kill.
The howler monkey hoots and howls with incredible vigour!
The howler monkey hits you.
* * * LOW HITPOINT WARNING * * *
You see here a +0 club.
The howler monkey closely misses you. x2
The howler monkey barely misses you. You furiously retaliate!
You headbutt the howler monkey, but do no damage.
The howler monkey hits you.
* * * LOW HITPOINT WARNING * * *
The howler monkey hits you.
You die...
Kikubaaqudgha rasps: "You have failed me!
Welcome... death!"

.... #..# # #..#
#..### .##..#
#....# ....#
#.##.# ##..# #.#
.#
#.###...####.# #
#.....))..†..#
#...###.h.######
. #.@?# #...#
.h....$..#
.###.##..# ...
.... .... ....#.
####.##.##$. #.
#.# ## h ..#


You could see a howler monkey.

Vanquished Creatures
  3 adders
  A worm (D:2)
  2 dart slugs
  4 orcs (D:3)
  2 ball pythons
  6 bats
  8 endoplasms
  4 giant cockroaches
  6 goblins
  9 hobgoblins
  6 jackals
  4 kobolds
  2 quokkas
  3 frilled lizards
  9 rats
69 creatures vanquished.

Vanquished Creatures (others)
  A demonic plant (D:1)
  4 fungi
  A plant (D:1)
  5 withered plants (D:1)
11 creatures vanquished.

Grand Total: 80 creatures vanquished

Notes
Turn   | Place    | Note
-------+----------+-------------------------------------------
     0 | D:1      | GigaChad the Minotaur Gladiator began the quest for the
                  | Orb.
     0 | D:1      | Reached XP level 1. HP: 18/18 MP: 0/0
   107 | D:1      | Reached skill level 4 in Long Blades
   138 | D:1      | Reached XP level 2. HP: 21/25 MP: 1/1
   280 | D:1      | Found a faded altar of an unknown god.
   324 | D:1      | Prayed at the altar of an unknown god.
   324 | D:1      | Became a worshipper of Kikubaaqudgha
   324 | D:1      | Reached * piety under Kikubaaqudgha
   324 | D:1      | Received a gift from Kikubaaqudgha
   427 | D:1      | Reached XP level 3. HP: 26/30 MP: 2/2
   446 | D:1      | Found Teag's Jewellery Emporium.
   923 | D:2      | Reached skill level 5 in Long Blades
   923 | D:2      | Reached XP level 4. HP: 38/38 MP: 3/3
  1134 | D:2      | Reached ** piety under Kikubaaqudgha
  1308 | D:2      | Reached skill level 1 in Armour
  1470 | D:3      | Identified the +11 long sword of Ihaliki {antimagic, *Slow
                  | rC+ rN+ Str+5}
  1525 | D:3      | HP: 1/38 [howler monkey (4)]
  1526 | D:3      | Slain by a howler monkey

Illustrated notes

Levels and vault maps discovered:
D:1:      psy_arrival_fountain, layout_basic, serial_shops, shop,
          shapermc_ecumenical_altar_gd
D:2:      minmay_wonky_spiral, layout_loops_ring, basic_altar,
          uniq_crazy_yiuf_cottage, uniq_robin
D:3:      layout_loops_ring

Skill      XL: |  1  2  3  4 |
---------------+-------------+-----
Long Blades    | 4 5 |  5.3
Fighting       | 3 |  3.3
Armour         | 1 |  1.3
Throwing       | |  2.2
Dodging        | |  3.7
Stealth        | |  0.3

Action                   |  1- 3 |  4- 6 || total
-------------------------+-------+-------++-------
Melee: Long sword        |    72 |    44 ||   116
       Headbutt          |    14 |     6 ||    20
       Punch             |     2 |       ||     2
       Staff             |       |     2 ||     2
Throw: Throwing net      |       |     3 ||     3
Armor: Leather armour    |    20 |    16 ||    36
Dodge: Dodged            |    58 |    54 ||   112

Table legend: (Time is in decaauts)
 A = Elapsed time spent in this place.
 B = Non-inter-level travel time spent in this place.
 C = Inter-level travel time spent in this place.
 D = Time resting spent in this place.
 E = Time spent auto-exploring this place.
 F = Levels seen in this place.
 G = Mean time per level.
                   A        B        C        D        E       F      G
               +--------+--------+--------+--------+--------+-----+--------+
         Total |   1544 |   1528 |     16 |      0 |    393 |   3 |  514.7 |
       Dungeon |   1544 |   1528 |     16 |      0 |    393 |   3 |  514.7 |
               +--------+--------+--------+--------+--------+-----+--------+

Top non-repeatable levels by time:
     D:2: 691 daAuts
     D:1: 683 daAuts
     D:3: 169 daAuts
